 Dungeon Crawl Stone Soup: Circus Animals version 1.7-37-g2c94cca (webtiles) character file.

73292 DarthKuruptios the Intangible (level 28, -5/366 HPs) *EASY*
             Began as a Minotaur Berserker on Aug 15, 2016.
             Was the Champion of Trog.
             Slain by a very large slime creature (26 damage)
             ... on level 2 of the Pits of Slime on Aug 17, 2016.
             The game lasted 07:08:10 (118836 turns).

DarthKuruptios the Intangible (MiBe)              Turns: 118836, Time: 07:08:10

Health: -5/366     AC: 34    Str: 28    XL:     28   Next: 58%
Magic:  75/75      EV: 17    Int:  7    God:    Trog [******]
Gold:   10009      SH:  0    Dex: 10    Spells: 0 memorised, 27 levels left

rFire  + . .     rPois    +     p - +6 executioner's axe (elec)
rCold  + . .     rElec    .     m - +9 armour of the Dragon King {rPois rF+ rC+ MR+}
rNeg   . . .     rCorr    +     (shield currently unavailable) MagicSh . . . SeeInvis .
                                h - +2 hat StaminaSh . . . Faith .
                                i - +1 cloak {MR+} RegenHP +++++++...
SustAt .                        u - +1 pair of gloves of Noughts and Crosses {Str+2} RegenSP ++++...... Dismiss .
                                L - +0 pair of boots "Ugeafy" {rPois Int+3} RegenMP +++....... Reflect .
                                b - amulet of health regeneration
MR     ++++.     Harm     .     o - ring of stamina
Stlth  ..........               q - ring of resist corrosion

@: confused, corroded, quick, quick, incredibly resistant to hostile
enchantments, extremely unstealthy
A: retaliatory headbutt, horns 2, clumsy 3, dopey 2, nightstalker 1,
unbreathing, freezing cloud immunity
a: Berserk, Trog's Hand, Brothers in Arms, Burn Spellbooks, Renounce Religion
}: 7/20 runes: decaying, serpentine, barnacled, elven, gossamer, dwarven,
creeping


You were on level 2 of the Pits of Slime.
You worshipped Trog.
Trog was exalted by your worship.
You were not hungry.

You visited 14 branches of the dungeon, and saw 62 of its levels.
You visited the Abyss 4 times.
You also visited: Trove, Ice Cave and Volcano.

You collected 13353 gold pieces.
You spent 3344 gold pieces at shops.

Inventory:

Hand Weapons
 a - the +2 halberd of Misery {holy, *Drain +Inv rF+ rN+}
   (Trog gifted it to you on level 1 of the Dwarven Fortress)

   It has been blessed by the Shining One to cause great damage to the undead
   and demons.
   It protects you from fire.
   It protects you from negative energy.
   It lets you turn invisible.
   It causes draining when unequipped.
 e - the +2 battleaxe of Lohoowoh {antimagic, +Blink Str+3 SInv}
   (Trog gifted it to you on level 7 of the Lair of Beasts)

   It reduces the magical energy of the wielder, and disrupts the spells and
   magical abilities of those hit.
   Natural abilities and divine invocations are not affected.
   It affects your strength (+3).
   It lets you see invisible.
   It lets you blink.
 k - the +6 bardiche of Nemelex Xobeh's Hope {flame, +Inv rElec rPois rF+}
   (You found it on level 4 of the Dungeon)

   It has been specially enchanted to burn those struck by it, causing extra
   injury to most foes and up to half again as much damage against particularly
   susceptible opponents.
   Big, fiery blades are also staple armaments of hydra-hunters.
   It protects you from fire.
   It insulates you from electricity.
   It protects you from poison.
   It lets you turn invisible.
 p - a +6 executioner's axe of electrocution (weapon)
 w - the +4 war axe of the Horn {holy, +Fly Str+4 Dex-3}
   (You bought it in a shop on level 1 of the Shoals)

   It has been blessed by the Shining One to cause great damage to the undead
   and demons.
   It affects your strength (+4).
   It affects your dexterity (-3).
   It lets you fly.
 E - the +11 halberd of Bodily Harmony {chop, -Tele rElec rC+ SInv Stlth+}
   (Trog gifted it to you on level 3 of the Swamp)

   It inflicts extra damage upon your enemies.
   It protects you from cold.
   It insulates you from electricity.
   It lets you see invisible.
   It prevents most forms of teleportation.
   It makes you more stealthy.
 G - a +1 antimagic executioner's axe
Armour
 h - a +2 hat (worn)
 i - a +1 cloak of magic resistance (worn)
 m - the +9 armour of the Dragon King (worn) {rPois rF+ rC+ MR+}
   (You acquired it on level 4 of the Dungeon)

   It protects you from fire.
   It protects you from cold.
   It protects you from poison.
   It affects your resistance to hostile enchantments.
 u - the +1 pair of gloves of Noughts and Crosses (worn) {Str+2}
   (You found it in an ice cave)

   It affects your strength (+2).
 L - the +0 pair of boots "Ugeafy" (worn) {rPois Int+3}
   (You acquired it on level 4 of the Crypt)

   It affects your intelligence (+3).
   It protects you from poison.
 S - the +4 faerie dragon armour {-Tele rC+++ Dex-2 SInv}
   (You took it off the Enchantress on level 7 of the Enchanted Forest)

   It affects your dexterity (-2).
   It renders you almost immune to cold.
   It lets you see invisible.
   It prevents most forms of teleportation.
Rods
 D - a +4 rod of inaccuracy (14/14)
   (You took it off a deep dwarf artificer on level 4 of the Dwarven Fortress)
 I - a +3 rod of venom (13/13)
   (You took it off a deep dwarf artificer on level 4 of the Dwarven Fortress)
Jewellery
 b - an amulet of health regeneration (around neck)
 c - an uncursed amulet of faith
 d - an uncursed ring of protection from cold
 g - a +6 ring of evasion
 l - an uncursed amulet of stamina shield
 n - the amulet "Hiadem" {Reflect rElec Int-3 Slay+2 SH+6}
   (You acquired it on level 3 of the Lair of Beasts)

   [amulet of reflection]

   It shields you and reflects attacks.
   It affects your intelligence (-3).
   It affects your accuracy and damage with ranged weapons and melee attacks
   (+2).
   It insulates you from electricity.
   It affects your SH (+6).
 o - a ring of stamina (right hand)
 q - a ring of resist corrosion (left hand)
 x - the ring "Ydeaf" {+Fly rPois MR+ Int+4 Stlth-}
   (You found it on level 2 of the Vaults)

   [ring of flight]

   It affects your intelligence (+4).
   It protects you from poison.
   It affects your resistance to hostile enchantments.
   It lets you fly.
   It makes you less stealthy.
 z - the ring "Rosam" {+Inv rF+++ rC- Stlth-}
   (You found it on level 2 of the Enchanted Forest)

   [ring of loudness]

   It renders you almost immune to fire.
   It makes you vulnerable to cold.
   It lets you turn invisible.
   It makes you less stealthy.
 B - an uncursed ring of positive energy
 K - the ring "Tyinuoxt" {Ice rElec rN+ Int+3 Dex+3 SP-25}
   (You found it on level 4 of the Crypt)

   [ring of ice]

   It enhances your ice magic, and weakens your fire magic.
   It affects your intelligence (+3).
   It affects your dexterity (+3).
   It makes you vulnerable to fire.
   It protects you from cold.
   It insulates you from electricity.
   It protects you from negative energy.
   It affects your stamina capacity (-25).
 M - the ring of the Prince of Darkness {*Tele rN+ Dex+3 Stlth-}
   (You found it on level 4 of the Elven Halls)

   [ring of teleportation]

   It may teleport you next to monsters.
   It affects your dexterity (+3).
   It protects you from negative energy.
   It makes you less stealthy.
 O - the ring of Vanulix {rC++ rN+ Stlth+}
   (You found it on level 4 of the Crypt)

   [ring of positive energy]

   It greatly protects you from cold.
   It protects you from negative energy.
   It makes you more stealthy.
 P - the ring "Efejuu Veud" {rN+ MR++}
   (You found it on level 4 of the Crypt)

   [ring of positive energy]

   It protects you from negative energy.
   It affects your resistance to hostile enchantments.
 Q - the amulet of Favvueg {Reflect rPois Dex+3 SH+2}
   (You found it on level 4 of the Elven Halls)

   [amulet of reflection]

   It shields you and reflects attacks.
   It affects your dexterity (+3).
   It protects you from poison.
   It affects your SH (+2).
 R - the ring "Uggi" {rElec rN+ Str-2 Int+2}
   (You found it on level 4 of the Crypt)

   [ring of positive energy]

   It affects your strength (-2).
   It affects your intelligence (+2).
   It insulates you from electricity.
   It protects you from negative energy.
 T - the ring of Pinged {Ice MR- MP+25 Str+2 Dex+3}
   (You found it on level 4 of the Elven Halls)

   [ring of ice]

   It enhances your ice magic, and weakens your fire magic.
   It affects your strength (+2).
   It affects your dexterity (+3).
   It makes you vulnerable to fire.
   It protects you from cold.
   It affects your resistance to hostile enchantments.
   It affects your magic capacity (+25).
Wands
 f - a wand of confusion (91/144)
 j - a wand of hasting (10/18)
 s - a wand of teleportation (8/27)
 t - a wand of iceblast (9/15)
 y - a wand of lightning (8/15)
 C - a wand of acid (18/30)
 F - a wand of disintegration (28/48)
 H - a wand of heal wounds (24/63)
 J - a wand of digging (24/48)
Scrolls
 d - 15 scrolls of magic mapping
 m - 15 scrolls of fog
 n - 42 scrolls of teleportation
 s - 28 scrolls of remove curse
 t - 11 scrolls of fear
 u - 4 scrolls of summoning
 x - 13 scrolls of blinking
 y - 7 scrolls of enchant weapon
 z - 19 scrolls of identify
 A - 7 scrolls of immolation
 B - 17 scrolls of enchant armour
 D - 12 scrolls of noise
 E - 3 scrolls of silence
 F - 4 scrolls of holy word
 G - 9 scrolls of recharging
 I - a scroll of brand weapon
Potions
 b - 39 potions of stamina
 c - 32 potions of magic
 e - 21 potions of lignification
 f - 8 potions of cure mutation
 g - 15 potions of agility
 h - 18 potions of flight
 i - 12 potions of mutation
 j - 17 potions of brilliance
 k - 20 potions of haste
 l - 12 potions of might
 o - 38 potions of curing
 p - 7 potions of invisibility
 q - 13 potions of berserk rage
 r - 14 potions of resistance
 v - 29 potions of ambrosia
 w - 12 potions of cancellation
 C - 54 potions of weak mutation
Miscellaneous
 r - 3 boxes of beasts
 v - 6 sacks of spiders
 A - 3 phantom mirrors


   Skills:
 + Level 26.6 Fighting
   Level 4.1 Short Blades
 + Level 26.7 Axes
 + Level 28.9 Polearms
 + Level 28.1 Armour
 + Level 30.9 Dodging


You had 27 spell levels left.
You didn't know any spells.

Dungeon Overview and Level Annotations

Branches:
  Crypt (4/4) Forest:6     Depths (1/7) Forest:7    Dungeon (7/7)
  Dwarf (4/4) Orc:5           Elf (4/4) Orc:4        Forest (7/7) Orc:7
   Lair (7/7) D:7             Orc (7/7) Lair:7       Shoals (4/4) Lair:4
  Slime (2/4) Forest:6      Snake (4/4) Lair:4       Spider (4/4) Orc:5
  Swamp (4/4) Lair:3       Vaults (3/4) Forest:3

Altars:
Ashenzari
Cheibriados
Dithmenos
Fedhas
Kikubaaqudgha
Makhleb
Nemelex Xobeh
Okawaru
Pakellas
Ru
Trog
Yredelemnul
Zin
The Shining One
Beogh

Shops:
D:4 !   Dwarf:1 ?   Elf:1 }   Elf:3 [   Elf:4 (   Orc:4 [   Orc:5 [
Orc:7 ?*}!(*   Shoals:1 (   Shoals:2 [*==*   Shoals:3 *   Vaults:3 ?

Annotations:
Lair:2 exclusion: ice statue


Innate Abilities, Weirdness & Mutations

You reflexively headbutt those who attack you in melee.
You have a pair of horns on your head.
You are very clumsy. (Dex -4)
You are very dopey. (Int -4)
You are slightly more attuned to the shadows.
You can survive without breathing.
You are immune to freezing clouds.


Message History

Unknown command.
You are confused.
You feel invigorated.
The azure jelly hits you but does no damage.
The azure jelly completely misses you.
The azure jelly hits you but does no damage. x2
The titanic slime creature barely misses you.
Two slime creatures merge to form a titanic slime creature.
The slime creature hits you but does no damage.
The very large slime creature hits you but does no damage.
The large slime creature hits you but does no damage.
A large slime creature splits.
The azure jelly completely misses you. x2
The azure jelly hits you but does no damage.
The azure jelly completely misses you.
The titanic slime creature hits you!! (hp-39)
* * * LOW HITPOINT WARNING * * *
Okay, then.
You heal the slime creature. (mon hp+26) This wand has 24 charges left.
The slime creature completely misses you.
The very large slime creature hits you!! (hp-26)
You die...

#....#.....
#...........
###........#..
##)......>.....
#......J.......
.....JJJ.......
#....J@JJ...$.J
#.#..JJJ..#....
...............
.......#..#..[
..#....#...#...
. #.....#.#....
##...# ###...


You could see an azure jelly, 2 titanic slime creatures, a very large slime
creature, a large slime creature, 4 slime creatures and a death ooze.

Vanquished Creatures
  A giant centipede (Forest:6)
  An ancient lich (Crypt:4)
  Boris (Forest:4)
  Jory (Crypt:1)
  Saint Roka (Elf:4)
  A bone dragon (Crypt:4)
  the Enchantress (Forest:7)
  Nikola (Snake:3)
  Jorgrun (Swamp:3)
  3 liches
  4 acid blobs
  5 ancient champions
  Arachne (Spider:2)
  A tentacled starspawn (Abyss:2)
  Kirke (Dwarf:1)
  4 deep elf blademasters (Elf:4)
  4 azure jellies
  3 deep elf master archers (Elf:4)
  4 revenants
  2 krakens (Shoals:3)
  A storm dragon (Vaults:3)
  A cacodemon (Abyss:3)
  Polyphemus (Shoals:4)
  2 curse skulls
  12 thorn hunters
  2 frost giants
  3 fire giants
  6 vault wardens
  An iron dragon (shapeshifter) (Depths:1)
  Agnes (Elf:1)
  Aizul (Swamp:4)
  Donald (Snake:2)
  14 ghouls
  8 greater nagas
  21 ironheart preservers
  10 deep elf sorcerers
  3 orc warlords
  13 unborn deep dwarves
  5 war gargoyles
  13 vampire knights
  29 spriggan defenders
  A purple draconian (Abyss:3)
  A deep elf elementalist (Elf:4)
  3 emperor scorpions
  Maud (Orc:5)
  9 very ugly things (Vaults:3)
  30 jiangshi
  3 ghost moths
  9 apis
  3 crystal guardians (Crypt:4)
  13 eidola
  37 deep dwarf death knights
  9 deep elf annihilators
  20 dire elephants
  17 stone giants
  5 entropy weavers
  7 deep elf demonologists
  5 fire dragons
  A quicksilver dragon zombie (Crypt:1)
  6 yaktaur captains
  12 great orbs of eyes
  2 rakshasas
  32 spriggan air magi
  5 merfolk javelineers (Shoals:4)
  9 merfolk impalers
  12 deep elf death magi
  3 spark wasps (Spider:4)
  Nessos (Orc:3)
  15 ogre magi
  2 blizzard demons (IceCv)
  13 deep troll earth magi
  8 ettins
  2 ghost crabs
  15 alligators
  19 vault guards
  3 deep elf high priests
  6 centaur warriors
  A titan zombie (Crypt:1)
  24 deep troll shamans
  5 soul eaters
  29 naga warriors
  35 dancing weapons
  2 merfolk avatars
  A hellephant skeleton (Crypt:1)
  2 alligator snapping turtles
  8 merfolk aquamancers (Shoals:4)
  17 iron trolls
  4 thrashing horrors (Abyss:3)
  12 death knights
  4 catoblepae
  27 anacondas
  A golden dragon zombie (Crypt:1)
  39 hydras
  22 satyrs
  3 ice dragons
  A titan skeleton (Crypt:3)
  10 vampire magi
  47 deep dwarf berserkers
  6 shadow wraiths
  A deep troll (shapeshifter) (Vaults:2)
  11 hell knights
  95 deep trolls
  A hill giant (shapeshifter) (Abyss:3)
  37 deep elf knights
  25 naga sharpshooters
  2 giant orange brains
  10 shock serpents
  3 unseen horrors
  29 death yaks
  3 shining eyes
  6 swamp dragons
  A giant centipede simulacrum (Crypt:1)
  7 spriggan druids
  A wizard (Vaults:2)
  A golden dragon skeleton (Crypt:2)
  28 phantasmal warriors
  An iron dragon zombie (Crypt:3)
  4 salamander mystics
  68 spriggan berserkers
  A sixfirhy (Abyss:3)
  6 orc high priests
  A frost giant zombie (Crypt:4)
  61 skeletal warriors
  13 ironbrand convokers
  25 shambling mangroves
  20 sea snakes
  Urug (Orc:4)
  A fire giant skeleton (Crypt:3)
  An eye of devastation (Slime:1)
  A shock serpent zombie (Crypt:2)
  7 flayed ghosts
  53 ugly things
  An elephant (shapeshifter) (Vaults:2)
  4 worldbinders (Abyss:3)
  32 deep elf archers
  3 stone giant skeletons
  An iron dragon skeleton (Crypt:3)
  10 naga ritualists
  7 fire crabs
  17 harpies
  3 smoke demons (Abyss:3)
  3 orange demons
  A titan simulacrum (Crypt:1)
  15 necromancers
  19 mana vipers
  An apocalypse crab (Abyss:3)
  17 vault sentinels
  A dire elephant skeleton (Forest:7)
  2 frost giant skeletons
  A spriggan zombie (Forest:7)
  69 deep dwarf necromancers
  93 deep elf magi
  50 wolf spiders
  40 deep dwarf artificers
  14 salamanders
  A storm dragon simulacrum (Vaults:3)
  2 human zombies
  A purple draconian skeleton (Crypt:1)
  A spriggan skeleton (Forest:7)
  2 lindwurms
  24 griffons
  13 water nymphs
  45 yaktaurs
  37 deep dwarf scions
  An octopode (shapeshifter) (Elf:3)
  2 hydra zombies
  4 starcursed masses (Abyss:3)
  A wolf spider simulacrum (Forest:7)
  A green draconian skeleton (Crypt:2)
  4 kobold demonologists
  13 orc sorcerers
  14 guardian serpents
  20 oklob plants
  27 orc knights
  2 large abominations (Abyss:3)
  A harpy skeleton (Crypt:4)
  36 naga magi
  10 manticores
  4 moths of wrath
  83 fauns
  2 fire dragon zombies (Crypt:4)
  22 cyclopes
  26 hornets
  An ice dragon zombie (Crypt:2)
  41 flying skulls
  21 orb spiders
  47 slime creatures
  16 sirens
  5 torpor snails
  A satyr zombie (Forest:7)
  2 fire dragon skeletons
  A hog (Dwarf:1)
  A jumping spider (shapeshifter) (Vaults:2)
  19 bog bodies
  4 giant leeches
  An ice statue (IceCv)
  4 golden eyes (Slime:1)
  An alligator zombie (Crypt:2)
  41 elephants
  An ettin skeleton (Crypt:1)
  66 black mambas
  A golden dragon simulacrum (IceCv)
  35 merfolk
  2 molten gargoyles (Volcano)
  3 shadows
  A wind drake skeleton (Crypt:3)
  A spriggan (shapeshifter) (Vaults:3)
  A ynoxinul (Abyss:3)
  A deep troll zombie (Crypt:3)
  24 demonic crawlers
  A yak (shapeshifter) (Vaults:3)
  A human (shapeshifter) (Vaults:1)
  15 snapping turtles
  15 dryads
  26 spiny frogs
  3 anaconda simulacra (IceCv)
  A spiny frog zombie (Crypt:4)
  A hog (shapeshifter) (Vaults:2)
  A hippogriff (shapeshifter) (Vaults:2)
  2 gargoyles (Volcano)
  32 freezing wraiths
  13 komodo dragons
  Maurice (Orc:1)
  14 necrophages
  A spiny frog skeleton (Crypt:4)
  372 deep dwarves
  A neqoxec (Abyss:3)
  2 eyes of draining
  7 ice devils (IceCv)
  29 vampire mosquitoes
  A blink frog zombie (Crypt:3)
  A faun skeleton (Crypt:1)
  A steam dragon (Swamp:4)
  53 jumping spiders
  14 trolls
  6 insubstantial wisps
  9 rime drakes
  19 swamp worms
  49 air elementals
  13 wind drakes
  2 elephant zombies (Crypt:3)
  A mottled dragon (Vaults:2)
  15 polar bears
  A fire dragon simulacrum (Crypt:1)
  A water moccasin (shapeshifter) (Vaults:2)
  3 small abominations
  27 water elementals
  11 boulder beetles
  120 redbacks
  2 dire elephant simulacra (IceCv)
  32 two-headed ogres
  21 swamp drakes
  44 tarantellas
  A death yak simulacrum (IceCv)
  52 blink frogs
  A hell hound zombie (Crypt:2)
  Prince Ribbit (D:7)
  3 rime drake skeletons
  5 iron troll simulacra (IceCv)
  140 spriggans
  75 nagas
  102 yaks
  2 wyvern skeletons
  4 big kobolds (Forest:3)
  3 basilisks
  A cyclops zombie (Crypt:1)
  13 hippogriffs
  6 fire elementals
  2 hydra simulacra (IceCv)
  22 wraiths
  A wolf zombie (Crypt:2)
  3 humans (Lair:4)
  2 wyverns
  A hippogriff skeleton (Crypt:2)
  2 tengu (shapeshifter)
  2 alligator simulacra
  4 harpy simulacra (IceCv)
  An ettin simulacrum (IceCv)
  A demonspawn zombie (Crypt:1)
  A phantom (D:3)
  20 wargs
  26 water moccasins
  6 black bears
  A demonspawn skeleton (Crypt:3)
  7 earth elementals
  Eustachio (D:4)
  2 sky beasts
  12 ice beasts
  93 ogres
  2 human simulacra
  A sky beast zombie (Crypt:2)
  A tengu skeleton (Crypt:2)
  13 crocodiles
  18 porcupines
  A big kobold skeleton (Crypt:1)
  68 orc warriors
  162 wasps
  12 boggarts
  11 centaurs
  67 wolves
  Sigmund (D:3)
  16 giant frogs
  2 gnoll sergeants
  5 scorpions
  2 spriggan simulacra
  A polar bear simulacrum (IceCv)
  4 troll simulacra (IceCv)
  A lava snake skeleton (Crypt:3)
  7 ufetubi
  2 centaur zombies
  A centaur skeleton (D:4)
  A giant frog skeleton (D:5)
  26 electric eels
  A lava snake (Orc:3)
  3 centaur simulacra (IceCv)
  3 dart slugs
  6 hounds
  62 orc priests
  13 wights
  10 giant geckos
  A gnoll (shapeshifter) (Elf:3)
  3 gnoll shamans
  14 iguanas
  3 naga simulacra (IceCv)
  3 ogre simulacra (IceCv)
  231 orcs
  55 orc wizards
  109 sheep
  7 worker ants
  24 adders
  3 ball pythons
  5 crimson imps
  7 giant cockroaches
  23 gnolls
  8 goblins
  8 hobgoblins
  7 jackals
  10 kobolds
  An orc zombie (Crypt:3)
  4 quokkas
  44 river rats
  11 white imps
  An adder skeleton (D:5)
  2 adder zombies
  8 bats
  A giant gecko skeleton (D:5)
  3 giant gecko zombies
  7 giant newts
  A goblin skeleton (Crypt:3)
  A hound skeleton (D:6)
  3 hound zombies
  A jackal skeleton (D:4)
  A jackal zombie (D:5)
  An ooze (D:1)
  An orc skeleton (Crypt:4)
  A quokka skeleton (D:6)
  14 rats
  7 worms
  5 briar patches (Forest:7)
  4 butterflies
  4 fire vortices (Volcano)
  2 fungi
  8 plants
  6 snaplasher vines
  A starspawn tentacle (Abyss:2)
  5 tentacles (Shoals:3)
5293 creatures vanquished.

Vanquished Creatures (collateral kills)
  Bai Suzhen (Shoals:3)
  A ghoul (Crypt:3)
  A greater naga (Snake:4)
  An emperor scorpion (Spider:4)
  An orc warlord (Orc:6)
  A deep elf annihilator (Elf:4)
  A stone giant (Orc:6)
  A deep elf death mage (Elf:4)
  A merfolk impaler (Shoals:4)
  A deep elf high priest (Elf:4)
  2 ettins (Orc:5)
  A skeletal warrior (Crypt:3)
  An anaconda (Snake:1)
  A spriggan berserker (Forest:2)
  A deep elf knight (Elf:2)
  A naga sharpshooter (Snake:4)
  An ogre mage (Orc:6)
  5 orc high priests
  A kraken simulacrum (Shoals:4)
  A sea snake (Shoals:3)
  2 naga ritualists
  A mana viper (Snake:1)
  A salamander (Snake:4)
  An orc knight (Orc:5)
  A deep dwarf scion (Dwarf:1)
  A kobold demonologist (Vaults:1)
  3 wolf spiders
  A yaktaur (Vaults:1)
  An orc sorcerer (Orc:6)
  2 black mambas
  2 naga magi
  An orb spider (Spider:2)
  A hornet (Spider:4)
  A merfolk (Shoals:4)
  2 demonic crawlers (Spider:2)
  A snapping turtle (Shoals:3)
  2 deep dwarves (Dwarf:1)
  3 jumping spiders (Spider:2)
  2 trolls (Orc:5)
  A yak (Forest:2)
  2 two-headed ogres
  A tarantella (Spider:2)
  An ettin simulacrum (Vaults:1)
  2 nagas (Snake:4)
  A water moccasin (Snake:2)
  3 wargs
  3 ogres
  10 orc warriors
  4 sheep (Shoals:3)
  5 orc wizards
  7 orcs
  7 orc priests
  An adder (Snake:2)
  4 gnolls
  2 kobolds (Vaults:1)
  A tentacle (Shoals:4)
109 creatures vanquished.

Vanquished Creatures (others)
  A tengu reaver (Vaults:3)
  A deep elf master archer (Elf:4)
  A fire giant (Dwarf:2)
  A vault warden (Vaults:1)
  Ilsuiw (Shoals:4)
  A stone giant (Vaults:3)
  2 ghost moths (Spider:4)
  A slime creature (Vaults:2)
  A hydra (Swamp:4)
  3 spriggan air magi (Forest:7)
  A vault guard (Vaults:1)
  A centaur warrior (Vaults:2)
  An ogre mage (Vaults:2)
  3 spriggan berserkers (Forest:7)
  A naga warrior (Snake:3)
  An alligator (Swamp:2)
  5 spriggans
  A fire crab (Swamp:4)
  10 deep elf knights
  A naga sharpshooter (Snake:1)
  2 skeletal warriors
  A satyr (Forest:1)
  A shambling mangrove (Forest:6)
  A salamander mystic (Snake:3)
  3 fauns
  An orc sorcerer (Vaults:3)
  An orb spider (shapeshifter) (Vaults:3)
  A naga ritualist (Snake:3)
  A necromancer (Forest:2)
  A vault sentinel (Vaults:3)
  A deep dwarf necromancer (Dwarf:1)
  5 deep elf magi
  2 deep dwarf artificers (Dwarf:3)
  A human skeleton (Vaults:3)
  A salamander (Snake:3)
  A freezing wraith (Vaults:2)
  A deep dwarf scion (Dwarf:1)
  A naga mage (Snake:3)
  A wolf spider (Spider:2)
  An air elemental (Forest:7)
  2 humans (Dwarf:1)
  A black mamba (Lair:7)
  A demonic crawler (Spider:2)
  10 deep dwarves
  3 jumping spiders
  2 steam dragons (Swamp:4)
  A mottled dragon (Swamp:4)
  A fire elemental (Elf:2)
  2 tarantellas
  3 two-headed ogres
  A boggart (Vaults:3)
  2 ogres (Vaults:3)
  2 nagas
  4 wasps
  A hydra simulacrum (IceCv)
  A hell rat (Dwarf:1)
  6 orcs
  3 orc wizards
  A butterfly (Forest:4)
  2 fire vortices (Volcano)
  23 fungi
  59 plants
  157 snaplasher vine segments
  A starspawn tentacle (Abyss:2)
  28 starspawn tentacle segments (Abyss:2)
  13 tentacles
  994 tentacle segments
1390 creatures vanquished.

Grand Total: 6792 creatures vanquished

Notes
Turn   | Place    | Note
-------+----------+-------------------------------------------
     0 | D:1      | DarthKuruptios the Minotaur Berserker began the quest for the Orb.
     0 | D:1      | Reached XP level 1. HP: 39/39 MP: 75/75
   200 | D:1      | Reached XP level 2. HP: 51/51 MP: 75/75
   297 | D:1      | Reached ** piety under Trog
   297 | D:1      | Reached XP level 3. HP: 60/63 MP: 75/75
  1193 | D:2      | Reached skill level 5 in Axes
  1392 | D:2      | Reached XP level 4. HP: 66/76 MP: 75/75
  1546 | D:2      | Reached *** piety under Trog
  1851 | D:3      | Reached XP level 5. HP: 87/88 MP: 75/75
  1969 | D:3      | Noticed Sigmund
  1991 | D:3      | Killed Sigmund
  2735 | D:3      | Found a sparkling altar of Nemelex Xobeh.
  2903 | D:4      | Reached **** piety under Trog
  3006 | D:4      | Found a faded altar of an unknown god.
  3266 | D:4      | Found Pel Meipt's Distillery.
  3276 | D:4      | Bought a potion of heal wounds for 112 gold pieces
  3513 | D:4      | Reached skill level 3 in Dodging
  3516 | D:4      | Reached XP level 6. HP: 48/100 MP: 75/75
  3524 | D:4      | Reached skill level 5 in Fighting
  3625 | D:4      | Got a crude bardiche
  3626 | D:4      | Identified the +6 bardiche of Nemelex Xobeh's Hope {flame, +Inv rElec rPois rF+} (You found it on level 4 of the Dungeon)
  3813 | D:4      | Found a glowing golden altar of the Shining One.
  4066 | D:4      | Found a sacrificial altar of Ru.
  4067 | D:4      | Found a snail-covered altar of Cheibriados.
  4241 | D:4      | Noticed Eustachio
  4306 | D:4      | Killed Eustachio
  4832 | D:4      | Identified a scroll of acquirement
  5010 | D:5      | Entered Level 5 of the Dungeon
  5230 | D:5      | Reached ***** piety under Trog
  5491 | D:5      | Reached skill level 1 in Polearms
  5949 | D:6      | Reached XP level 7. HP: 111/111 MP: 75/75
  5978 | D:6      | Received a gift from Trog
  6023 | D:6      | Found a shattered altar of Ashenzari.
  6368 | D:6      | Found a bloodstained altar of Trog.
  6427 | D:6      | Found an oddly glowing altar of Pakellas.
  6549 | D:7      | Entered Level 7 of the Dungeon
  6764 | D:7      | Found a staircase to the Lair.
  7073 | D:7      | Found a shadowy altar of Dithmenos.
  7074 | D:7      | Noticed Prince Ribbit
  7097 | D:7      | Killed Prince Ribbit
  7363 | D:7      | Received a gift from Trog
  7550 | Lair:1   | Entered Level 1 of the Lair of Beasts
  7613 | Lair:1   | Reached XP level 8. HP: 110/111 MP: 75/75
  7749 | Lair:1   | Reached skill level 4 in Dodging
  8151 | Lair:1   | Reached XP level 9. HP: 122/122 MP: 75/75
  9108 | Lair:2   | Reached skill level 5 in Armour
  9393 | Lair:2   | Reached skill level 5 in Polearms
  9457 | Lair:2   | Reached XP level 10. HP: 131/131 MP: 75/75
  9463 | Lair:2   | Reached skill level 5 in Dodging
  9562 | Lair:2   | Noticed an ice dragon
  9575 | Lair:2   | Killed an ice dragon
  9581 | Lair:2   | Reached ****** piety under Trog
  9744 | Lair:2   | Received a gift from Trog
 10325 | Lair:2   | Reached XP level 11. HP: 132/139 MP: 75/75
 10783 | Lair:2   | Received a gift from Trog
 11050 | Lair:3   | Noticed a two-headed hydra
 11055 | Lair:3   | Killed a one-headed hydra
 11066 | Lair:3   | Got an ancient flail
 11067 | Lair:3   | Identified the cursed +1 flail "Hydraslayer" {crush, Int-2 Dex+3} (You found it on level 3 of the Lair of Beasts)
 11781 | Lair:3   | Got a fine bronze amulet
 11783 | Lair:3   | Identified the amulet "Hiadem" {Reflect rElec Int-3 Slay+2 SH+6} (You acquired it on level 3 of the Lair of Beasts)
 11916 | Lair:3   | Found a staircase to the Swamp.
 12142 | Lair:3   | Reached skill level 6 in Dodging
 12827 | Lair:3   | Noticed a two-headed hydra
 12831 | Lair:3   | Killed a one-headed hydra
 12831 | Lair:3   | Reached XP level 12. HP: 146/146 MP: 75/75
 13511 | Lair:4   | Found a staircase to the Shoals.
 13522 | Lair:4   | Gained mutation: You are slightly more attuned to the shadows. [potion of beneficial mutation]
 13683 | Lair:4   | Found a staircase to the Snake Pit.
 15063 | Lair:4   | Reached XP level 13. HP: 184/184 MP: 75/75
 15552 | Lair:5   | Reached skill level 7 in Dodging
 15580 | Lair:5   | Found a bloodstained altar of Trog.
 15850 | Lair:5   | Reached skill level 10 in Polearms
 15879 | Lair:5   | Received a gift from Trog
 16167 | Lair:5   | Reached XP level 14. HP: 190/190 MP: 75/75
 17442 | Lair:6   | Reached skill level 8 in Dodging
 17448 | Lair:6   | Received a gift from Trog
 17792 | Lair:6   | Reached skill level 10 in Fighting
 17792 | Lair:6   | Reached XP level 15. HP: 186/194 MP: 75/75
 17859 | Lair:6   | Received a gift from Trog
 18122 | Lair:6   | Received a gift from Trog
 19120 | Lair:7   | Entered Level 7 of the Lair of Beasts
 19373 | Lair:7   | Received a gift from Trog
 19413 | Lair:7   | Got a fine battleaxe {god gift}
 19414 | Lair:7   | Identified the +2 battleaxe of Lohoowoh {antimagic, +Blink Str+3 SInv} (Trog gifted it to you on level 7 of the Lair of Beasts)
 19588 | Lair:7   | Reached skill level 10 in Armour
 19669 | Lair:7   | Reached skill level 9 in Dodging
 19851 | Lair:7   | Received a gift from Trog
 20011 | Lair:7   | Found a staircase to the Orcish Mines.
 20100 | Lair:7   | Reached XP level 16. HP: 196/203 MP: 25/75
 20220 | Lair:7   | Received a gift from Trog
 21930 | Orc:1    | Entered Level 1 of the Orcish Mines
 21935 | Orc:1    | Received a gift from Trog
 22043 | Orc:1    | Noticed Maurice
 22058 | Orc:1    | Killed Maurice
 22514 | Orc:3    | Found a roughly hewn altar of Beogh.
 22610 | Orc:3    | Noticed Nessos
 22620 | Orc:3    | Killed Nessos
 22751 | Orc:3    | Received a gift from Trog
 23837 | Orc:4    | Noticed Urug
 23837 | Orc:4    | Found a staircase to the Elven Halls.
 23861 | Orc:4    | Killed Urug
 23950 | Orc:4    | Found Orchae's Armour Emporium.
 24248 | Orc:5    | Received a gift from Trog
 24285 | Orc:5    | Found Rurops's Armour Emporium.
 24438 | Orc:5    | Noticed Maud
 24454 | Orc:5    | Killed Maud
 24459 | Orc:5    | Received a gift from Trog
 24466 | Orc:5    | Found a dark tunnel.
 24474 | Volcano  | Entered a volcano
 24820 | Orc:5    | Found a staircase to the Dwarven Fortress.
 24869 | Orc:5    | Found a hole to the Spider Nest.
 25038 | Orc:5    | Found a roughly hewn altar of Beogh.
 25432 | Orc:6    | Reached XP level 17. HP: 164/233 MP: 25/75
 25436 | Orc:6    | Reached skill level 10 in Dodging
 25657 | Orc:6    | Received a gift from Trog
 26051 | Orc:7    | Entered Level 7 of the Orcish Mines
 26053 | Orc:7    | Found a roughly hewn altar of Beogh.
 26058 | Orc:7    | Found a burning altar of Makhleb.
 26148 | Orc:7    | Found a staircase to the Enchanted Forest.
 26166 | Forest:1 | Entered Level 1 of the Enchanted Forest
 26424 | Orc:7    | Reached skill level 15 in Polearms
 26478 | Orc:7    | Found Tedel's Changing Room.
 26491 | Orc:7    | Bought a potion of beneficial mutation for 490 gold pieces
 26491 | Orc:7    | Gained mutation: You can survive without breathing. [potion of beneficial mutation]
 26823 | Orc:7    | Received a gift from Trog
 26834 | Orc:7    | Found Havveqed's Gadget Boutique.
 26835 | Orc:7    | Found Qaothut's Weapon Shop.
 26836 | Orc:7    | Found Patumpaf's Distillery.
 26856 | Orc:7    | Found Lameob's General Store.
 26861 | Orc:7    | Bought a box of beasts for 320 gold pieces
 26863 | Orc:7    | Bought a scroll of identify for 28 gold pieces
 26865 | Orc:7    | Bought a potion of heal wounds for 104 gold pieces
 27051 | Orc:7    | Found Laasazor's Magic Scroll Emporium.
 28011 | Forest:1 | Received a gift from Trog
 28035 | Forest:1 | Noticed Mara
 28038 | Forest:1 | Noticed DarthKuruptios's illusion
 28206 | Spider:1 | Entered Level 1 of the Spider Nest
 29245 | Spider:1 | Reached skill level 10 in Axes
 29866 | Spider:2 | Noticed Arachne
 29886 | Spider:2 | Killed Arachne
 29894 | Spider:2 | Reached XP level 18. HP: 186/245 MP: 25/75
 30076 | Spider:2 | Received a gift from Trog
 30444 | Spider:2 | Reached skill level 11 in Dodging
 30484 | Spider:2 | Found a frozen archway.
 30504 | IceCv    | Entered an ice cave
 30575 | IceCv    | Received a gift from Trog
 30888 | IceCv    | Got a pair of warped gloves
 30894 | IceCv    | Identified the +1 pair of gloves of Noughts and Crosses {Str+2} (You found it in an ice cave)
 31893 | Spider:3 | Received a gift from Trog
 32388 | Spider:3 | Got a bloodstained scimitar
 32389 | Spider:3 | Identified the +8 scimitar "Elu Meivelia" {antimagic, *Drain +Fly rN+ Str+3} (You found it on level 3 of the Spider Nest)
 32545 | Spider:3 | Received a gift from Trog
 32599 | Spider:3 | Got an iridescent war axe
 32600 | Spider:3 | Identified the +4 war axe of the Vendetta {venom, Str+5} (You found it on level 3 of the Spider Nest)
 32830 | Spider:4 | Entered Level 4 of the Spider Nest
 33368 | Spider:4 | Reached XP level 19. HP: 192/255 MP: 7/75
 33425 | Spider:4 | Received a gift from Trog
 34194 | Spider:4 | Got a gossamer rune of Zot
 34776 | Shoals:1 | Entered Level 1 of the Shoals
 35024 | Shoals:1 | Reached skill level 12 in Dodging
 35159 | Shoals:1 | Received a gift from Trog
 35715 | Shoals:1 | Found Icuvixus's Weapon Shoppe.
 35726 | Shoals:1 | Bought the +4 war axe of the Horn {holy, +Fly Str+4 Dex-3} for 487 gold pieces
 35984 | Shoals:2 | Found Cisoz's Jewellery Shop.
 36024 | Shoals:2 | Found Ymuj's Jewellery Boutique.
 36034 | Shoals:2 | Found Xydghuto's Assorted Antiques.
 36047 | Shoals:2 | Bought a potion of heal wounds for 232 gold pieces
 36280 | Shoals:2 | Found Zeoptoq's General Store.
 36287 | Shoals:2 | Bought a scroll of recharging for 123 gold pieces
 36475 | Shoals:2 | Received a gift from Trog
 36659 | Shoals:2 | Found Oteyg's Armour Shoppe.
 37122 | Shoals:3 | Noticed Bai Suzhen
 37132 | Shoals:3 | Killed Bai Suzhen
 37737 | Shoals:3 | Found Tioptem's Tempting Trifles.
 37940 | Shoals:3 | Identified Mauqemekk's Papyrus of Confrontation and Displacement
 38059 | Shoals:4 | Entered Level 4 of the Shoals
 38107 | Shoals:4 | Received a gift from Trog
 38182 | Shoals:4 | Reached XP level 20. HP: 226/267 MP: 75/75
 38387 | Shoals:4 | Noticed Polyphemus
 38420 | Shoals:4 | Killed Polyphemus
 38776 | Shoals:4 | Noticed Ilsuiw
 38793 | Shoals:4 | Killed Ilsuiw
 38804 | Shoals:4 | Reached skill level 15 in Axes
 38810 | Shoals:4 | Reached skill level 13 in Dodging
 38895 | Shoals:4 | Received a gift from Trog
 38957 | Shoals:4 | Got a barnacled rune of Zot
 41268 | Forest:2 | Got a faintly glowing lapis lazuli ring
 41270 | Forest:2 | Identified the ring "Unu Uthu" {rPois rN+ Int+2} (You found it on level 2 of the Enchanted Forest)
 41387 | Forest:2 | Got a shimmering bone ring
 41535 | Forest:2 | Identified the ring of Xom's Displeasure {rElec rPois rF- rC+} (You took it off a vampire mage on level 2 of the Enchanted Forest)
 41637 | Forest:2 | Reached skill level 15 in Armour
 41685 | Forest:2 | Reached skill level 15 in Fighting
 41709 | Forest:2 | Received a gift from Trog
 41742 | Forest:2 | Got a transparent copper ring
 41744 | Forest:2 | Identified the ring "Rosam" {+Inv rF+++ rC- Stlth-} (You found it on level 2 of the Enchanted Forest)
 41864 | Forest:2 | Found a glowing silver altar of Zin.
 42113 | Forest:2 | Found a sparkling altar of Nemelex Xobeh.
 42149 | Forest:2 | Reached skill level 14 in Dodging
 42190 | Forest:2 | HP: 25/269 [spriggan defender/rapier of draining[a spriggan defender] (4)]
 42229 | Forest:2 | Received a gift from Trog
 42424 | Forest:2 | Found a basalt altar of Yredelemnul.
 45322 | Forest:2 | HP: 21/268 [wolf spider (10)]
 45512 | Snake:1  | Entered Level 1 of the Snake Pit
 45696 | Snake:1  | Reached XP level 21. HP: 191/269 MP: 70/75
 45704 | Snake:1  | HP: 27/281 [black mamba (6)]
 46787 | Snake:1  | HP: 25/268 [naga warrior/trident (4)]
 48379 | Snake:2  | Reached skill level 15 in Dodging
 48843 | Snake:2  | Noticed Donald
 48857 | Snake:2  | Killed Donald
 49113 | Snake:2  | Found a runed gate.
 49113 | Snake:2  | Found a runed gate.
 49113 | Snake:2  | Found a runed gate.
 49741 | Snake:3  | Received a gift from Trog
 50218 | Snake:3  | Noticed Nikola
 50231 | Snake:3  | Killed Nikola
 50941 | Snake:3  | Reached skill level 16 in Dodging
 51140 | Snake:4  | Entered Level 4 of the Snake Pit
 51317 | Snake:4  | Received a gift from Trog
 51764 | Snake:4  | Reached XP level 22. HP: 275/288 MP: 75/75
 51911 | Snake:4  | Got a serpentine rune of Zot
 52683 | Elf:1    | Entered Level 1 of the Elven Halls
 52774 | Elf:1    | Noticed Agnes
 52781 | Elf:1    | Killed Agnes
 52992 | Elf:1    | Found Uscho's Gadget Boutique.
 53024 | Elf:1    | Bought a wand of digging (11/24) for 360 gold pieces
 53024 | Elf:1    | Bought a wand of confusion (38/48) for 360 gold pieces
 53024 | Elf:1    | Bought a box of beasts for 240 gold pieces
 53118 | Elf:1    | Received a gift from Trog
 53311 | Elf:2    | Found a huge runed gate.
 53311 | Elf:2    | Found a huge runed gate.
 53312 | Elf:2    | Found a huge runed gate.
 53313 | Elf:2    | Found a huge runed gate.
 53314 | Elf:2    | Found a huge runed gate.
 53779 | Elf:1    | Reached skill level 17 in Dodging
 54824 | Elf:2    | Received a gift from Trog
 55300 | Elf:2    | Cast into level 2 of the Abyss (flail of distortion)
 55511 | Elf:2    | Escaped the Abyss
 55690 | Elf:3    | Found Naoqel's Antique Armour Emporium.
 56081 | Elf:3    | Received a gift from Trog
 57255 | Elf:4    | Entered Level 4 of the Elven Halls
 57325 | Elf:4    | Noticed Saint Roka
 57359 | Elf:4    | Killed Saint Roka
 57470 | Elf:4    | Found Voihowu's Weapon Shop.
 57482 | Elf:4    | Received a gift from Trog
 58618 | Elf:4    | Reached skill level 18 in Dodging
 58618 | Elf:4    | Reached XP level 23. HP: 251/304 MP: 25/75
 59039 | Elf:4    | Got a fine ruby amulet
 59211 | Elf:4    | Got an elven rune of Zot
 59232 | Elf:4    | Got a scorched gossamer ring
 59256 | Elf:4    | Got a crude brass ring
 59267 | Elf:4    | Got a pair of distressingly furry gloves
 59278 | Elf:4    | Identified the cursed +0 pair of gloves of Surprise {Int+3} (You found it on level 4 of the Elven Halls)
 59380 | Elf:4    | Got an ancient copper amulet
 59393 | Elf:4    | Got a bound wooden ring
 59436 | Elf:4    | Identified the amulet "Vussuimn" {Harm *Drain rElec} (You took it off a deep elf annihilator on level 4 of the Elven Halls)
 59437 | Elf:4    | Identified the ring of the Prince of Darkness {*Tele rN+ Dex+3 Stlth-} (You found it on level 4 of the Elven Halls)
 59438 | Elf:4    | Identified the ring "Zyometuje" {Wiz rN+} (You found it on level 4 of the Elven Halls)
 59439 | Elf:4    | Identified the amulet of Favvueg {Reflect rPois Dex+3 SH+2} (You found it on level 4 of the Elven Halls)
 59440 | Elf:4    | Identified the ring of Pinged {Ice MR- MP+25 Str+2 Dex+3} (You found it on level 4 of the Elven Halls)
 59491 | Elf:4    | Gained mutation: You are dopey. (Int -2) [mutagenic glow]
 60006 | Swamp:1  | Entered Level 1 of the Swamp
 60221 | Swamp:1  | Received a gift from Trog
 63655 | Swamp:3  | Received a gift from Trog
 63658 | Swamp:3  | Got a pitted halberd {god gift}
 63659 | Swamp:3  | Identified the +11 halberd of Bodily Harmony {chop, -Tele rElec rC+ SInv Stlth+} (Trog gifted it to you on level 3 of the Swamp)
 64246 | Swamp:3  | Noticed Jorgrun
 64264 | Swamp:3  | Killed Jorgrun
 64554 | Swamp:4  | Entered Level 4 of the Swamp
 64649 | Swamp:4  | Noticed Aizul
 64660 | Swamp:4  | Killed Aizul
 64683 | Swamp:4  | Reached skill level 19 in Dodging
 65087 | Swamp:4  | Received a gift from Trog
 65090 | Swamp:4  | Got a shimmering broad axe {god gift}
 65091 | Swamp:4  | Identified the +2 broad axe of Starshine {chop, rElec rC- Int+4} (Trog gifted it to you on level 4 of the Swamp)
 65547 | Swamp:4  | Got a decaying rune of Zot
 66623 | Forest:2 | Reached skill level 20 in Dodging
 66967 | Forest:3 | Received a gift from Trog
 67232 | Forest:3 | Found a gate to the Vaults.
 67953 | Forest:3 | Received a gift from Trog
 69360 | Vaults:1 | Entered Level 1 of the Vaults
 69735 | Vaults:1 | Reached XP level 24. HP: 316/316 MP: 75/75
 69738 | Vaults:1 | Reached skill level 21 in Dodging
 69858 | Vaults:1 | Received a gift from Trog
 70220 | Vaults:1 | Cast into level 2 of the Abyss (orc warrior)
 70535 | Abyss:3  | Found a corrupted altar of Lugonu.
 71655 | Vaults:1 | Escaped the Abyss
 72019 | Vaults:1 | Received a gift from Trog
 72022 | Vaults:1 | Got a polished halberd {god gift}
 72023 | Vaults:1 | Identified the +9 halberd "Tosex" {drain, Fragile rPois rC+ Int+3} (Trog gifted it to you on level 1 of the Vaults)
 72314 | Vaults:1 | Found a portal to a secret trove of treasure.
 72323 | Vaults:1 | You paid a toll of 4 scrolls of blinking to enter a treasure trove
 72324 | Trove    | Entered a treasure trove
 72339 | Trove    | Got a transparent animal skin
 72350 | Trove    | Identified the cursed +1 animal skin of Eternity {MR+ Str-3 SP+25} (You found it in a treasure trove)
 72484 | Vaults:1 | Found a roughly hewn altar of Beogh.
 72752 | Vaults:1 | Gained mutation: You are immune to freezing clouds. [potion of beneficial mutation]
 72839 | Vaults:2 | Received a gift from Trog
 72933 | Vaults:2 | Paralysed by a giant eyeball for 4 turns
 72954 | Vaults:2 | Received a gift from Trog
 73299 | Vaults:2 | Reached skill level 22 in Dodging
 73683 | Vaults:2 | Received a gift from Trog
 73869 | Vaults:2 | Received a gift from Trog
 74179 | Vaults:2 | Got a shimmering ivory ring
 74203 | Vaults:2 | Identified the ring "Ydeaf" {+Fly rPois MR+ Int+4 Stlth-} (You found it on level 2 of the Vaults)
 74956 | Vaults:3 | Received a gift from Trog
 75005 | Vaults:3 | Reached skill level 23 in Dodging
 75153 | Vaults:3 | HP: 28/316 [ghostly boulder beetle (17)]
 75583 | Vaults:3 | Reached XP level 25. HP: 304/330 MP: 75/75
 75618 | Vaults:3 | Received a gift from Trog
 75890 | Vaults:3 | Received a gift from Trog
 76672 | Vaults:3 | Reached skill level 24 in Dodging
 76786 | Vaults:3 | Found a blossoming altar of Fedhas.
 76910 | Vaults:3 | Found Inwel's Magic Scroll Shop.
 76928 | Vaults:3 | Bought a scroll of teleportation for 33 gold pieces
 76928 | Vaults:3 | Bought a scroll of blinking for 82 gold pieces
 76928 | Vaults:3 | Bought a scroll of fog for 22 gold pieces
 76928 | Vaults:3 | Bought a scroll of teleportation for 33 gold pieces
 76928 | Vaults:3 | Bought a scroll of recharging for 104 gold pieces
 77062 | Vaults:3 | Received a gift from Trog
 78154 | Vaults:3 | Received a gift from Trog
 80006 | Forest:4 | Noticed Boris
 80025 | Forest:4 | Killed Boris
 80451 | Forest:4 | Received a gift from Trog
 81693 | Forest:5 | Found an iron altar of Okawaru.
 81900 | Forest:5 | Reached skill level 25 in Dodging
 82667 | Forest:5 | Received a gift from Trog
 84506 | Forest:6 | Cast into level 2 of the Abyss (spriggan defender)
 85102 | Forest:6 | Escaped the Abyss
 85267 | Forest:6 | Found a staircase to the Crypt.
 85303 | Forest:6 | Received a gift from Trog
 85307 | Forest:6 | Reached XP level 26. HP: 241/329 MP: 40/75
 85398 | Forest:6 | Found a staircase to the Slime Pits.
 86762 | Forest:6 | Received a gift from Trog
 87079 | Forest:6 | Noticed a giant centipede
 87108 | Forest:6 | Killed a giant centipede
 87705 | Forest:6 | Reached skill level 26 in Dodging
 88051 | Crypt:1  | Entered Level 1 of the Crypt
 89245 | Crypt:1  | Received a gift from Trog
 90260 | Crypt:1  | Noticed Jory
 90285 | Crypt:1  | Killed Jory
 91962 | Crypt:2  | Reached skill level 27 in Dodging
 92659 | Crypt:3  | Cast into level 3 of the Abyss (a lich)
 92954 | Abyss:3  | Gained mutation: You are very dopey. (Int -4) [a cacodemon]
 92965 | Abyss:3  | Gained mutation: You are clumsy. (Dex -2) [a cacodemon]
 93544 | Crypt:3  | Escaped the Abyss
 94260 | Crypt:4  | Entered Level 4 of the Crypt
 94296 | Crypt:4  | Reached XP level 27. HP: 334/353 MP: 25/75
 94692 | Crypt:4  | Received a gift from Trog
 94840 | Crypt:4  | Found an ancient bone altar of Kikubaaqudgha.
 94840 | Crypt:4  | Noticed an ancient lich
 94853 | Crypt:4  | Killed an ancient lich
 94853 | Crypt:4  | Reached skill level 28 in Dodging
 94877 | Crypt:4  | Got a creeping rune of Zot
 94911 | Crypt:4  | Identified a +1 rod of shadows (14/14) (You found it on level 4 of the Crypt)
 95394 | Crypt:4  | Got a scorched jade ring
 95396 | Crypt:4  | Identified the ring "Tyinuoxt" {Ice rElec rN+ Int+3 Dex+3 SP-25} (You found it on level 4 of the Crypt)
 95660 | Crypt:4  | Got a pair of transparent boots
 95671 | Crypt:4  | Identified the +0 pair of boots "Ugeafy" {rPois Int+3} (You acquired it on level 4 of the Crypt)
 95698 | Crypt:4  | Reached skill level 27 in Polearms
 96076 | Crypt:4  | Got a slimy bone ring
 96076 | Crypt:4  | Got a pitted lapis lazuli ring
 96076 | Crypt:4  | Got a wavering glass ring
 96077 | Crypt:4  | Identified the ring of Vanulix {rC++ rN+ Stlth+} (You found it on level 4 of the Crypt)
 96078 | Crypt:4  | Identified the ring "Efejuu Veud" {rN+ MR++} (You found it on level 4 of the Crypt)
 96079 | Crypt:4  | Identified the ring "Uggi" {rElec rN+ Str-2 Int+2} (You found it on level 4 of the Crypt)
 96477 | Forest:7 | Entered Level 7 of the Enchanted Forest
 96638 | Forest:7 | Noticed the Enchantress
 97092 | Forest:7 | Killed the Enchantress
 97102 | Forest:7 | Got a faerie dragon armour
 97113 | Forest:7 | Identified the +4 faerie dragon armour {-Tele rC+++ Dex-2 SInv} (You took it off the Enchantress on level 7 of the Enchanted Forest)
 97892 | Forest:7 | Received a gift from Trog
 98376 | Forest:7 | Received a gift from Trog
100372 | Forest:7 | Reached skill level 29 in Dodging
100668 | Forest:7 | Found a staircase to the Depths.
100674 | Depths:1 | Entered Level 1 of the Depths
100703 | Depths:1 | Received a gift from Trog
101072 | Dwarf:1  | Entered Level 1 of the Dwarven Fortress
101689 | Dwarf:1  | Noticed Kirke
101695 | Dwarf:1  | Killed Kirke
102231 | Dwarf:1  | Received a gift from Trog
103568 | Dwarf:1  | Received a gift from Trog
103878 | Dwarf:1  | Reached skill level 27 in Armour
104722 | Dwarf:1  | Received a gift from Trog
104765 | Dwarf:1  | Got a faintly glowing halberd {god gift}
104781 | Dwarf:1  | Identified the +2 halberd of Misery {holy, *Drain +Inv rF+ rN+} (Trog gifted it to you on level 1 of the Dwarven Fortress)
105061 | Dwarf:1  | Found Qonee's Magic Scroll Shoppe.
105068 | Dwarf:1  | Bought a scroll of teleportation for 39 gold pieces
105068 | Dwarf:1  | Bought a scroll of teleportation for 39 gold pieces
105068 | Dwarf:1  | Bought a scroll of blinking for 97 gold pieces
105068 | Dwarf:1  | Bought a scroll of teleportation for 39 gold pieces
106453 | Dwarf:2  | Received a gift from Trog
107560 | Dwarf:2  | Reached XP level 28. HP: 292/324 MP: 75/75
108107 | Dwarf:2  | Received a gift from Trog
108549 | Dwarf:2  | Received a gift from Trog
109657 | Dwarf:2  | Received a gift from Trog
110000 | Dwarf:3  | Reached skill level 30 in Dodging
110899 | Dwarf:3  | Received a gift from Trog
112185 | Dwarf:3  | Received a gift from Trog
113593 | Dwarf:4  | Entered Level 4 of the Dwarven Fortress
114497 | Dwarf:4  | Received a gift from Trog
116450 | Dwarf:4  | Got a dwarven rune of Zot
117616 | Dwarf:4  | Received a gift from Trog
118585 | Slime:1  | Entered Level 1 of the Pits of Slime
118603 | Slime:1  | Gained mutation: You are very clumsy. (Dex -4) [a shining eye]
118605 | Slime:1  | Gained mutation: You are very clumsy. (Dex -4) [a shining eye]
118683 | Slime:1  | Received a gift from Trog
118835 | Slime:2  | HP: 15/366 [titanic slime creature (39)]
118836 | Slime:2  | Slain by a very large slime creature

Skill      XL: |  1  2  3  4  5  6  7  8  9 10 11 12 13 14 15 16 17 18 19 20 21 22 23 24 25 26 27 28 |
---------------+-------------------------------------------------------------------------------------+-----
Axes           | 5 8 10 12 14 15 16 17 19 21 22 23 25 26 | 26.7
Armour         | 3 4 5 6 7 8 9 10 11 12 13 15 17 19 22 23 24 25 27 28 | 28.1
Dodging        | 3 4 5 6 7 8 9 10 11 12 14 16 18 20 23 25 27 29 30 | 30.9
Fighting       | 5 6 7 8 9 10 11 12 13 14 15 16 17 19 20 22 23 25 26 | 26.6
Polearms       | 1 3 4 5 6 7 9 10 11 13 14 15 16 18 19 20 21 23 24 25 26 28 | 28.9
Short Blades   | 4 |  4.1

Action                   |  1- 3 |  4- 6 |  7- 9 | 10-12 | 13-15 | 16-18 | 19-21 | 22-24 | 25-27 | 28-30 || total
-------------------------+-------+-------+-------+-------+-------+-------+-------+-------+-------+-------++-------
Melee: Hand axe          |    90 |    22 |       |       |       |       |       |       |       |       ||   112
       Headbutt          |    15 |    62 |    68 |   102 |   153 |   462 |   477 |   554 |   929 |   289 ||  3111
       War axe           |       |   141 |       |       |       |       |       |       |       |       ||   141
       Bardiche          |       |   208 |   453 |   463 |   789 |   227 |  1264 |     8 |    15 |       ||  3427
       Flail             |       |       |       |    49 |       |       |       |       |       |       ||    49
       Battleaxe         |       |       |       |       |    80 |  1653 |   276 |    16 |   537 |    12 ||  2574
       Executioner's axe |       |       |       |       |       |   109 |   952 |  2590 |  3567 |  1206 ||  8424
       Unarmed           |       |       |       |       |       |       |    78 |       |       |       ||    78
Invok: Trog's Hand       |       |     2 |       |     2 |       |    13 |    18 |     6 |     6 |       ||    47
       Burn Spellbooks   |       |     2 |     3 |       |     1 |     1 |     7 |    11 |     7 |     1 ||    33
       Berserk           |       |       |     1 |     2 |       |     2 |     4 |     1 |     2 |       ||    12
       Brothers in Arms  |       |       |       |     1 |       |     9 |    10 |     8 |     6 |       ||    34
 Abil: Evoke Flight      |       |       |       |       |       |       |     3 |       |       |       ||     3
Evoke: Wand              |       |       |       |       |       |       |       |     6 |     1 |     2 ||     9
  Use: Scroll            |     4 |     9 |     7 |     7 |     2 |     8 |     5 |    22 |    11 |       ||    75
       Potion            |       |     1 |       |     3 |       |     5 |    22 |    13 |    13 |     1 ||    58
 Stab: Sleeping          |       |     3 |       |       |     1 |     2 |     1 |     2 |       |       ||     9
       Held in net/web   |       |       |       |       |       |     1 |       |       |       |       ||     1
       Invisible         |       |       |       |       |       |       |     3 |       |       |       ||     3
       Petrified         |       |       |       |       |       |       |     1 |       |       |       ||     1
       Distracted        |       |       |       |       |       |       |       |       |       |     1 ||     1
Armor: Animal skin       |    13 |     5 |       |       |       |       |       |       |       |       ||    18
       Ring mail         |       |    79 |       |       |       |       |       |       |       |       ||    79
       Gold dragon armou |       |    64 |   572 |   766 |   903 |  2660 |  4611 |  3767 |  4831 |  1083 || 19257
Dodge: Dodged            |    61 |   481 |   405 |   543 |   886 |  1704 |  2721 |  3871 |  6742 |  2792 || 20206
Block: Shield            |       |   188 |   372 |   252 |       |       |       |       |       |       ||   812
       Other             |       |       |       |   109 |   442 |  1135 |  1097 |       |       |       ||  2783
       Reflection        |       |       |       |       |     1 |    19 |    30 |       |       |       ||    50
